AoeStats
← :)

Arena

507621182Analyzed
4v4 RM · 14d ago on Sep 19, 2026· 62m 14s· 8 players
Game mode
Random Map
Map size
Large (8 player)
Population
200
Speed
Normal
Resources
Standard
Victory
Conquest
Starting age
Dark Age
Ending age
Imperial Age
RankedLock teamsTeams togetherTeam positionsShared explorationLock speedFull tech treeHidden civsTurbo modeCheats
Victory
Defeat
🇲🇽 Ethiopians · Mexico
1424
+11
🇹🇷 Bengalis · Türkiye
1418
+11
🇹🇼 Britons · Taiwan
1416
+11
🇺🇸 Sicilians · United States
1389
+14
🇦🇷 Mapuche · Argentina
1326
-12
🇦🇷 Khmer · Argentina
1317
-12
🇦🇷 Malay · Argentina
1313
-12
🇩🇪 Saracens · Germany
1302
-11
JR | cristopher7gc
10:15 Feudal Age
13:53 Castle Age
12:00 Double-Bit Axe
12:38 Horse Collar
15:17 Loom
16:52 Town Watch
18:48 Bow Saw
19:41 Wheelbarrow
20:53 Heavy Plow
24:19 Hand Cart
31:11 Imperial Age
29:08 Forging
28:59 Scale Mail Armor
29:02 Squires
30:44 Gold Mining
31:25 Chain Mail Armor
33:02 Chemistry
32:08 Siege Engineers
32:58 Torsion Engines
32:32 Halberdier
34:38 Conscription
41:37 Plate Mail Armor
41:55 Iron Casting
46:16 Fletching
63:46 Two-Man Saw
EarlyQuitter
4:43 Loom
9:44 Feudal Age
10:10 Double-Bit Axe
10:05 Horse Collar
11:56 Wheelbarrow
14:33 Gold Mining
17:45 Castle Age
19:21 Bow Saw
19:12 Heavy Plow
23:56 Town Watch
26:26 Hand Cart
29:30 Imperial Age
27:48 Scale Barding Armor
27:53 Forging
28:53 Chain Barding Armor
28:53 Treadmill Crane
29:23 Masonry
29:20 Husbandry
29:30 Bloodlines
30:09 Iron Casting
30:00 Fletching
30:10 Padded Archer Armor
29:44 Elite Battle Elephant
31:30 Paiks
31:45 Conscription
32:33 Plate Barding Armor
34:19 Blast Furnace
33:50 Fletching
34:00 Padded Archer Armor
33:43 Light Cavalry
34:59 Mahayana
35:05 Devotion
35:26 Sanctity
36:34 Bodkin Arrow
36:54 Leather Archer Armor
37:16 Bracer
37:58 Faith
39:45 Block Printing
40:09 Architecture
39:45 Siege Engineers
40:41 Chemistry
41:55 Siege Elephant
45:26 Two-Man Saw
44:56 Crop Rotation
46:12 Ring Archer Armor
45:43 Scale Mail Armor
46:39 Onager
50:56 Redemption
51:50 Ballistics
52:05 Chain Mail Armor
yenyang
12:39 Feudal Age
16:18 Castle Age
14:20 Horse Collar
15:58 Double-Bit Axe
18:31 Heavy Plow
19:51 Fletching
21:30 Bow Saw
22:22 Wheelbarrow
24:33 Town Watch
27:33 Imperial Age
25:48 Bodkin Arrow
25:53 Gold Mining
26:46 Ballistics
26:39 Padded Archer Armor
29:35 Two-Man Saw
28:41 Bracer
29:37 Gold Shaft Mining
30:24 Conscription
30:56 Scale Mail Armor
31:06 Forging
30:26 Pikeman
31:09 Onager
32:06 Chain Mail Armor
32:50 Leather Archer Armor
32:49 Guilds
33:23 Siege Engineers
34:06 Plate Mail Armor
34:31 Iron Casting
35:01 Squires
35:43 Halberdier
38:29 Blast Furnace
38:06 Yeomen
39:49 Ring Archer Armor
39:33 Gambesons
42:47 Chemistry
43:05 Hand Cart
42:51 Town Patrol
42:17 Capped Ram
45:51 Elite Longbowman
48:08 Coinage
47:15 Man-at-Arms
47:41 Arson
48:11 Long Swordsman
48:54 Two-Handed Swordsman
49:45 Champion
51:07 Scale Barding Armor
52:50 Chain Barding Armor
kwestes
9:57 Feudal Age
11:54 Loom
15:02 Castle Age
13:09 Double-Bit Axe
16:30 Wheelbarrow
16:25 Bow Saw
20:13 Horse Collar
21:57 Heavy Plow
24:24 Gold Mining
27:32 Imperial Age
25:14 Scale Barding Armor
25:19 Forging
26:20 Chain Barding Armor
26:41 Bloodlines
26:31 Husbandry
28:09 Iron Casting
27:49 Cavalier
29:22 Crop Rotation
31:27 Plate Barding Armor
31:53 Blast Furnace
32:24 Gambesons
32:40 Squires
32:26 Arson
33:03 Conscription
32:51 Scale Mail Armor
33:05 Caravan
35:09 Onager
36:46 Hand Cart
38:12 Hauberk
42:48 Fletching
42:58 Padded Archer Armor
43:14 Chain Mail Armor
43:08 Elite Skirmisher
46:59 Ballistics
47:49 Chemistry
46:47 Bodkin Arrow
47:41 Elite Serjeant
49:27 Light Cavalry
50:59 Bracer
51:14 Leather Archer Armor
51:37 Plate Mail Armor
56:05 Capped Ram
57:49 Siege Ram
seba_aof
11:37 Feudal Age
15:12 Castle Age
12:56 Horse Collar
13:43 Double-Bit Axe
18:17 Heavy Plow
21:13 Bow Saw
23:11 Wheelbarrow
22:52 Gold Mining
22:54 Stone Mining
26:56 Hand Cart
29:31 Imperial Age
26:28 Elite Skirmisher
27:15 Padded Archer Armor
27:06 Fletching
27:45 Loom
27:23 Pikeman
29:09 Forging
28:55 Bodkin Arrow
29:44 Leather Archer Armor
29:29 Scale Mail Armor
30:43 Iron Casting
30:34 Conscription
29:56 Halberdier
31:36 Fervor
31:47 Sanctity
32:21 Crop Rotation
32:46 Chain Mail Armor
33:01 Ring Archer Armor
33:23 Malon
34:31 Plate Mail Armor
35:02 Blast Furnace
34:24 Ballistics
33:45 Treadmill Crane
34:16 Masonry
35:32 Gold Shaft Mining
35:52 Hoardings
35:11 Onager
38:23 Coinage
38:36 Architecture
38:11 Siege Engineers
39:57 Chemistry
40:18 Elite Bolas Rider
43:17 Butalmapu
44:15 Banking
51:52 Town Watch
:)
12:08 Feudal Age
15:51 Castle Age
14:10 Double-Bit Axe
14:07 Horse Collar
14:29 Gold Mining
20:15 Wheelbarrow
22:22 Bow Saw
22:13 Heavy Plow
23:13 Heavy Plow
23:30 Stone Mining
24:05 Loom
24:36 Hand Cart
24:06 Town Watch
26:32 Gold Shaft Mining
29:44 Imperial Age
27:28 Scale Barding Armor
27:33 Forging
29:06 Ballistics
28:51 Husbandry
28:41 Elite Battle Elephant
30:21 Iron Casting
34:04 Blast Furnace
35:10 Pikeman
35:42 Fletching
36:15 Halberdier
38:38 Conscription
40:42 Redemption
41:53 Chemistry
帅气的孔
11:27 Feudal Age
14:27 Castle Age
12:45 Double-Bit Axe
13:22 Horse Collar
21:11 Wheelbarrow
21:49 Bow Saw
22:15 Heavy Plow
24:02 Gold Mining
24:02 Stone Mining
27:43 Imperial Age
24:59 Loom
25:24 Fletching
25:34 Padded Archer Armor
26:37 Bodkin Arrow
27:23 Leather Archer Armor
28:07 Coinage
28:43 Gold Shaft Mining
29:39 Bracer
31:52 Conscription
31:36 Stone Mining
32:15 Double Crossbow
32:02 Heavy Scorpion
33:41 Stone Shaft Mining
33:27 Town Watch
34:55 Banking
35:41 Hand Cart
35:26 Town Patrol
35:42 Hand Cart
35:45 Capped Ram
36:47 Caravan
37:46 Ring Archer Armor
37:26 Forging
37:21 Scale Barding Armor
40:25 Elite Skirmisher
41:52 Crop Rotation
43:05 Ballistics
43:46 Chemistry
42:42 Murder Holes
42:57 Masonry
42:52 Siege Engineers
42:36 Siege Ram
57:52 Bloodlines
57:43 Husbandry
57:03 Light Cavalry
SUZUKI GSX-R-1000 ♥
10:21 Feudal Age
14:51 Castle Age
13:34 Double-Bit Axe
14:13 Horse Collar
18:21 Fletching
19:25 Crossbowman
20:55 Loom
26:41 Wheelbarrow
26:21 Bodkin Arrow
26:13 Elite Skirmisher
26:57 Padded Archer Armor
33:38 Imperial Age
31:35 Leather Archer Armor
32:13 Thumb Ring
33:19 Ballistics
33:17 Hand Cart
33:44 Bow Saw
34:41 Bracer
37:23 Gold Mining
37:34 Heavy Plow
37:29 Stone Mining
38:42 Two-Man Saw
37:20 Arbalester
40:50 Chemistry
42:03 Siege Engineers
Connection lost

Rejoining the realm…

Still unreachable

The connection could not be restored.

Session expired

The server has moved on; the page needs a fresh start.